Map: Terraform LE (Void)

Players

Daroude

  • Race: Zerg Zerg
  • League: Gold

Tentative - Winner!

  • Race: Terran Terran
  • League: Gold

VOD

Have the link to the VOD?

Description

Time

  • Played on: Sept. 27, 2015, 12:49 p.m.
  • Length: 53:27
Show
View Real Time Build Order
Export as new Build Order

Daroude Zerg 

Build Orders: Hatch First, Lurkers 

Get SALT Encoding   

  12  0:02  Drone  
  13  0:09  Drone  
  14  0:17  Overlord  
  14  0:42  Hatchery  
  13  0:45  Drone  
  13  0:48  Drone  
  15  0:52  Drone  
  16  1:08  Spawning Pool  
  16  1:11  Drone  
  16  1:15  Drone  
  17  1:18  Extractor  
  17  1:20  Drone  
  17  1:29  Overlord  
  17  1:42  Overlord  
  17  1:55  Queen  
  17  1:57  Queen  
  17  2:01  Zergling x2  
  22  2:05  Zergling x2  
  23  2:08  Drone  
  23  2:12  Drone  
  25  2:16  Drone  
  25  2:19  Drone  
  27  2:32  Roach Warren  
  26  2:38  Drone x2  
  26  2:40  Drone  
  26  2:43  Drone  
  30  2:52  Lair  
  30  2:56  Drone  
  32  2:58  Drone  
  32  3:02  Drone x2  
  33  3:13  Drone x4  
  33  3:19  Queen  
  37  3:24  Roach  
  41  3:33  Drone x2  
  43  3:34  Overlord  
  43  3:44  Extractor  
  43  3:45  Drone, Extractor  
  43  3:46  Drone, Extractor  
  42  3:48  Glial Reconstitution  
  42  3:51  Overlord  
  42  3:54  Roach  
  42  3:55  Roach x2  
  48  4:12  Drone x2  
  48  4:13  Drone  
  51  4:19  Drone x3  
  54  4:24  Zergling x4  
  56  4:32  Hydralisk Den  
  56  4:38  Overlord x2  
  55  4:40  Drone x4  
  55  4:42  Overlord x2  
  59  4:50  Evolution Chamber x2  
  57  4:57  Drone x2  
  57  4:58  Drone x3  
  62  5:02  Drone x3  
  65  5:13  Overseer  
  54  5:32  Spore Crawler  
  53  5:40  Spore Crawler  
  53  5:41  Overseer  
  52  5:46  Queen  
  54  5:54  Overseer  
  54  6:16  Roach  
  54  6:17  Roach x5  
  64  6:34  Lurker Den  
  64  6:35  Queen  
  66  6:44  Hydralisk  
  66  6:45  Hydralisk x3  
  74  6:52  Zerg Missile Weapons Level 1  
  74  7:00  Hydralisk x4  
  82  7:11  Hydralisk x2  
  86  7:25  Queen  
  89  7:30  Drone  
  89  7:33  Hatchery  
  88  7:48  Spore Crawler  
  87  7:57  Spore Crawler  
  87  7:58  Pneumatized Carapace  
  86  8:09  Overlord x3  
  86  8:14  Muscular Augments  
  86  8:17  Overlord x2  
  86  8:37  Drone x9  
  95  8:45  Lurker x4  
  95  8:46  Lurker x3  
  102  9:03  Spine Crawler  
  99  9:10  Hydralisk x4  
  107  9:20  Spine Crawler  
  106  9:36  Hydralisk x3  
  112  9:42  Lurker x2  
  112  9:43  Lurker  
  115  9:46  Drone  
  115  9:47  Drone  
  117  9:53  Spore Crawler  
  118  10:00  Drone x2  
  118  10:02  Roach x2  
  118  10:34  Roach x5  
  118  10:35  Roach  
  130  10:36  Overlord x3  
  130  10:54  Overlord x2  
  130  10:55  Overlord  
  130  10:56  Overlord x2  
  130  11:15  Roach  
  130  11:16  Roach x7  
  144  11:25  Overlord x2  
  141  11:36  Roach x2  
  141  11:38  Infestation Pit  
  129  11:47  Hydralisk x2  
  129  11:48  Hydralisk x3  
  139  12:02  Lurker  
  139  12:05  Lurker, Hydralisk x3  
  147  12:12  Drone  
  147  12:13  Drone x2  
  150  12:18  Overseer  
  150  12:21  Overseer  
  127  12:43  Hydralisk x3  
  129  12:44  Hydralisk  
  135  13:11  Hatchery  
  134  13:23  Roach x5  
  142  13:36  Hatchery  
  125  13:43  Lurker  
  125  13:44  Lurker  
  125  13:45  Lurker  
  125  13:47  Ravager x6  
  125  13:48  Ravager x4  
  138  13:50  Roach x4  
  146  14:02  Roach x4  
  154  14:03  Roach  
  154  14:05  Lurker  
  148  14:16  Roach x3  
  148  14:17  Roach  
  147  14:31  Hydralisk x3  
  144  14:32  Hydralisk  
  150  14:42  Lurker x2  
  148  15:14  Roach x6  
  148  15:15  Roach x5  
  163  15:35  Hydralisk x5  
  167  15:51  Lurker  
  167  15:52  Overlord  
  167  15:53  Overlord x2  
  168  16:02  Overlord x3  
  163  16:14  Ravager x3  
  166  16:38  Drone x3, Queen  
  171  16:47  Hydralisk  
  171  16:48  Hydralisk x4  
  181  16:55  Hatchery  
  167  17:44  Lurker x2  
  167  18:03  Extractor  
  167  18:05  Extractor  
  161  18:21  Spore Crawler, Extractor  
  133  19:02  Spine Crawler  
  132  19:03  Spine Crawler  
  128  19:17  Drone x2  
  128  19:18  Drone x5  
  135  19:25  Extractor  
  134  19:31  Hydralisk  
  134  19:32  Hydralisk x2  
  134  19:36  Zergling x2  
  134  19:37  Zergling x14  
  148  19:45  Roach  
  150  19:51  Hatchery x2  
  148  20:00  Extractor  
  148  20:04  Extractor  
  124  20:40  Roach  
  124  20:41  Roach x14  
  139  20:52  Overseer  
  139  20:55  Hive  
  139  20:58  Zerg Missile Weapons Level 2  
  139  21:03  Roach x5  
  139  21:09  Drone  
  140  21:14  Hydralisk x4  
  148  21:35  Hydralisk x2  
  148  21:36  Hydralisk x2  
  154  21:47  Hydralisk x3  
  154  22:08  Ultralisk Cavern  
  154  22:10  Drone  
  154  22:11  Drone x2  
  138  22:35  Lurker x3  
  135  22:39  Drone x2  
  135  22:43  Extractor  
  136  22:44  Drone x3, Extractor  
  138  22:56  Zergling x18  
  138  22:57  Zergling x58  
  138  22:58  Zergling x2  
  177  23:10  Hydralisk  
  177  23:11  Hydralisk x5  
  189  23:20  Drone  
  189  23:22  Drone  
  191  23:28  Lurker x2  
  170  24:11  Drone x3  
  170  24:13  Drone x3  
  176  24:18  Spine Crawler  
  173  24:30  Extractor  
  158  24:45  Drone x2  
  159  24:53  Drone  
  157  25:02  Drone, Extractor  
  157  25:23  Hydralisk x7  
  157  25:24  Hydralisk x8  
  157  25:25  Hydralisk x4  
  195  25:29  Overlord x4, Spine Crawler  
  188  25:49  Roach x6  
  173  25:50  Roach x6  
  171  26:03  Hydralisk x6  
  171  26:04  Hydralisk  
  175  26:10  Lurker x4  
  185  26:26  Overseer  
  185  26:27  Lurker  
  186  26:38  Roach  
  186  26:39  Roach x7  
  198  26:49  Spine Crawler  
  197  26:57  Drone x2  
  199  27:08  Adrenal Glands  
  185  27:40  Zerg Missile Weapons Level 3  
  185  27:44  Ultralisk  
  185  27:45  Ultralisk  
  197  28:03  Roach  
  164  28:21  Hydralisk x2  
  164  28:22  Hydralisk x8  
  164  28:23  Hydralisk x8  
  198  28:33  Drone  
  193  28:47  Ultralisk  
  197  28:55  Drone  
  157  29:07  Ultralisk x3  
  157  29:08  Ultralisk x4  
  191  29:11  Roach  
  193  29:24  Drone x2  
  193  29:26  Drone  
  190  29:42  Overseer  
  190  29:49  Overseer  
  189  29:55  Zerg Melee Weapons Level 1  
  189  30:00  Spore Crawler  
  189  30:01  Metabolic Boost  
  188  30:17  Zerg Ground Armor Level 1  
  182  30:23  Lurker x4  
  182  30:25  Hydralisk  
  188  30:58  Chitinous Plating  
  188  31:03  Drone x3  
  191  31:06  Overseer  
  188  31:58  Lurker  
  180  32:17  Hatchery  
  175  32:35  Drone x2  
  175  32:36  Drone  
  178  33:04  Ultralisk  
  178  33:05  Ultralisk x2  
  186  33:33  Hydralisk x4  
  186  33:34  Hydralisk  
  190  33:36  Overlord  
  190  33:37  Overlord x3  
  157  33:58  Ultralisk x2  
  114  34:23  Spore Crawler  
  107  34:24  Drone x2, Spore Crawler  
  107  34:25  Spore Crawler  
  107  34:26  Spore Crawler x2  
  98  35:10  Drone  
  98  35:11  Drone x2  
  98  35:13  Drone x3  
  104  35:26  Lair  
  102  35:59  Lair  
  102  36:02  Ultralisk x2  
  79  37:22  Hatchery  
  68  37:54  Drone x2  
  62  38:10  Drone  
  62  38:11  Drone  
  64  38:13  Drone x4  
  62  39:31  Drone  
  63  40:17  Drone  
  55  40:56  Drone  
  53  41:23  Drone  
  47  42:19  Drone  
  48  43:03  Drone  
  49  43:50  Drone  
  48  44:23  Drone x2  
  50  44:47  Drone x2  
  52  45:37  Drone  
  52  46:01  Overlord  
  52  46:19  Drone x2  
  54  46:27  Drone  
  54  46:29  Drone x2  
  57  46:38  Drone  
  58  47:01  Spire  
  51  47:43  Drone x3  
  54  48:05  Drone  
  55  48:06  Queen  
  55  48:07  Queen  
  38  48:51  Drone x2  
  38  48:52  Drone  
  41  49:08  Drone  
  42  49:21  Spore Crawler  
  41  49:33  Corruptor  
  34  50:25  Zergling x2  
  34  50:26  Zergling x2  
Show
View Real Time Build Order
Export as new Build Order

Tentative Terran - Winner!

Build Orders: Liberator Opening, Hellion Banshee, MMM Bio 

Get SALT Encoding   

  12  0:01  SCV  
  13  0:13  SCV  
  14  0:17  Supply Depot  
  14  0:25  SCV  
  15  0:39  SCV  
  16  0:44  Barracks  
  16  0:49  Refinery  
  16  0:51  SCV  
  16  0:56  Refinery  
  17  1:03  SCV  
  18  1:19  SCV  
  19  1:31  Marine  
  20  1:33  Supply Depot, Orbital Command  
  20  1:45  Factory  
  20  1:51  Marine  
  21  2:13  SCV  
  22  2:16  Barracks Reactor  
  22  2:25  SCV  
  22  2:29  Widow Mine  
  23  2:35  Starport  
  25  2:37  SCV  
  26  2:49  SCV  
  27  3:06  Barracks Tech Lab  
  27  3:18  Command Center  
  27  3:22  Liberator  
  27  3:25  Hellion x2  
  34  3:46  Hellion x2  
  38  3:59  Barracks Reactor  
  38  4:14  SCV  
  39  4:28  Supply Depot  
  39  4:29  Banshee  
  39  4:30  Hellion x2, Orbital Command  
  45  4:46  SCV  
  46  4:56  Unknown  
  46  4:58  SCV  
  47  5:01  Hellion x2  
  47  5:03  Orbital Command  
  51  5:16  SCV  
  51  5:21  Liberator  
  52  5:22  Liberator  
  52  5:25  Barracks  
  52  5:26  Barracks  
  52  5:27  Barracks  
  52  5:28  SCV  
  53  5:46  SCV  
  53  5:48  Stimpack  
  54  5:59  SCV  
  54  6:00  SCV  
  54  6:03  Widow Mine x2, Marine  
  61  6:11  SCV  
  62  6:31  Barracks Reactor x3  
  62  6:34  Engineering Bay  
  62  6:37  Engineering Bay  
  62  6:38  Refinery  
  62  6:59  Liberator x2  
  62  7:03  SCV x2  
  60  7:15  SCV x2  
  60  7:16  Supply Depot  
  60  7:17  Supply Depot  
  60  7:18  Supply Depot  
  60  7:19  Terran Infantry Weapons Level 1, Supply Depot  
  60  7:20  Terran Infantry Armor Level 1, Marine x2, Supply Depot  
  70  7:28  Bunker  
  70  7:38  Marine x6  
  76  7:53  Marine  
  76  7:55  Marine x5  
  76  7:56  Marine  
  83  7:59  Medivac x2  
  87  8:33  SCV x2  
  89  8:35  Medivac x2  
  89  8:36  Marine x7  
  100  8:45  SCV x2  
  102  8:53  Marine  
  102  8:54  Marine x6  
  109  8:57  SCV  
  109  8:58  Command Center  
  109  9:01  Refinery  
  110  9:14  Combat Shields  
  110  9:22  Armory  
  110  9:52  Supply Depot, Medivac x2, Marine x4  
  118  9:53  Supply Depot x2  
  118  9:55  Supply Depot, Marine x3  
  118  10:09  SCV, Widow Mine x2  
  118  10:10  Marine x2  
  118  10:13  Marine x2  
  125  10:27  Marine x3  
  128  10:29  Medivac x2  
  132  10:37  Widow Mine x2  
  134  11:17  SCV  
  133  11:18  SCV  
  128  12:19  Liberator x2  
  119  12:35  Marine x6  
  119  12:36  SCV  
  113  12:43  Widow Mine  
  113  12:44  Widow Mine  
  109  12:52  Marine x2  
  109  12:53  Marine x4  
  114  13:10  Marine x3  
  117  13:22  Supply Depot  
  117  13:23  Supply Depot x2  
  117  13:24  Supply Depot  
  117  13:27  Liberator x2  
  117  13:39  Marine  
  117  13:40  Marine  
  117  13:43  Marine x2, Widow Mine x2  
  129  13:57  Marine x2  
  129  13:58  Marine x2  
  129  14:01  Marine x2  
  121  14:10  Liberator x2  
  121  14:15  Marine  
  103  14:26  Marine x5  
  103  14:27  Widow Mine x2  
  118  14:33  Marine  
  119  14:43  Armory  
  119  14:44  SCV x2, Marine  
  122  14:47  Engineering Bay  
  122  14:52  Liberator x2  
  122  14:56  SCV x2  
  122  14:58  Bunker  
  124  15:01  Bunker  
  108  15:39  Liberator  
  108  15:40  Liberator  
  106  15:53  Orbital Command  
  109  15:57  Marine x3  
  109  15:58  Widow Mine x2, Marine x3  
  109  15:59  Command Center  
  120  16:15  Marine x2  
  122  16:34  Marine x2  
  122  16:35  Marine x4  
  122  16:36  Widow Mine x2  
  132  16:52  Marine x3  
  132  16:53  Marine x3  
  138  16:54  SCV  
  138  16:55  SCV x2  
  141  17:06  SCV  
  141  17:07  SCV  
  143  17:10  Marine  
  127  17:31  Terran Infantry Weapons Level 2  
  127  17:32  Terran Infantry Armor Level 2  
  115  18:04  Marine  
  115  18:05  Marine x4  
  120  18:11  Command Center, Liberator x2  
  116  18:25  Marine x2  
  116  18:26  Marine x3  
  127  19:08  Marine x6  
  127  19:09  Widow Mine x2  
  136  19:26  Marine x5  
  136  19:27  Liberator  
  136  19:29  Planetary Fortress  
  141  19:32  Missile Turret  
  141  19:44  Orbital Command  
  144  20:05  Orbital Command  
  143  20:10  Missile Turret  
  108  21:00  Marine x4  
  108  21:01  Marine x2  
  114  21:09  Terran Infantry Weapons Level 3  
  114  21:18  Marine x5  
  114  21:23  SCV x4  
  123  21:26  Terran Infantry Armor Level 3  
  123  21:35  SCV  
  123  21:52  SCV x3  
  123  21:53  SCV, Marine x2  
  123  21:54  Marine x4  
  132  22:01  Widow Mine  
  132  22:02  Widow Mine  
  132  22:04  SCV x2  
  138  22:11  Marine x4  
  138  22:12  Marine x2  
  143  22:29  Marine  
  135  22:30  Widow Mine x2  
  139  22:40  Marine x5  
  144  22:47  Marine  
  145  23:03  SCV x4  
  145  23:04  Marine x5  
  145  23:05  Marine  
  151  23:21  SCV x4, Marine  
  151  23:22  Marine x5  
  151  23:24  Refinery  
  151  23:25  Refinery  
  161  23:39  Marine  
  162  23:52  Orbital Command  
  162  24:09  Marine  
  162  24:10  Marine x5  
  162  24:14  Missile Turret  
  168  24:27  Marine x2  
  168  24:28  Marine x4  
  168  24:29  Liberator  
  171  24:41  Liberator  
  171  24:45  Marine x3, Widow Mine x2  
  168  24:46  Marine x3  
  179  24:53  SCV  
  179  24:55  SCV  
  179  24:56  SCV x2  
  176  25:03  Marine x4  
  176  25:04  Marine x2  
  176  25:07  SCV  
  176  25:08  SCV  
  176  25:12  Command Center  
  176  25:13  Widow Mine  
  179  25:26  Liberator  
  179  25:27  Liberator  
  179  25:40  Widow Mine  
  145  26:07  Marine x4  
  148  26:32  Marine x6  
  152  26:49  Marine x2  
  152  26:50  Marine x4  
  158  27:07  Marine x3  
  158  27:08  Marine x3  
  159  27:29  Marine  
  155  27:30  Medivac x2  
  155  27:31  Marine x3  
  155  27:32  Marine  
  155  27:36  Barracks  
  156  27:37  Barracks  
  155  28:00  Medivac x2  
  140  28:24  Barracks  
  134  28:30  Medivac x2  
  134  28:31  Marine x5  
  143  28:35  Barracks Reactor  
  143  28:36  Barracks Reactor  
  141  28:48  Marine  
  141  28:49  Marine x5  
  141  28:50  Widow Mine x2  
  147  29:06  Marine, Medivac x2  
  152  29:18  Widow Mine  
  152  29:19  Widow Mine  
  156  29:32  Liberator x2  
  156  29:36  Orbital Command  
  156  29:48  Marine x7  
  156  29:51  Marine x4  
  173  29:56  Refinery, Orbital Command  
  173  29:58  Refinery  
  173  30:02  SCV x2  
  173  30:05  Marine  
  173  30:06  Marine  
  163  30:14  SCV x2  
  139  31:09  Marine x6  
  139  31:10  Marine x5  
  150  31:27  Marine  
  148  31:36  Marine x4  
  144  32:09  Marine x4  
  146  32:16  Marine x5  
  135  32:40  Marine x2, Orbital Command  
  135  32:41  Marine x8  
  93  34:35  Orbital Command  
  59  35:18  Marine  
  59  35:21  Factory Reactor  
  62  35:23  Barracks Reactor  
  62  35:26  Marine  
  61  35:29  SCV  
  60  35:36  Marine  
  60  35:41  SCV  
  62  35:44  Marine  
  57  35:53  SCV  
  57  35:54  Marine  
  59  36:02  Marine  
  60  36:12  Marine  
  60  36:14  Marine x2  
  63  36:20  Marine  
  64  36:30  Marine  
  64  36:32  Marine  
  66  37:04  Orbital Command  
  66  37:09  Marine  
  66  37:10  Marine  
  62  37:37  Orbital Command  
  53  38:39  Orbital Command  
  53  38:40  Orbital Command  
  53  38:44  Orbital Command  
  53  39:08  Marine x3  
  56  39:26  Marine x2  
  58  40:01  Marine x2  
  60  40:26  Orbital Command  
  60  40:28  Orbital Command  
  60  41:13  Orbital Command  
  60  41:14  Orbital Command  
  60  41:28  Marine x2  
  60  41:56  Marine  
  60  41:57  Marine  
  60  41:58  Marine  
  54  42:14  Marine  
  55  42:15  Marine  
  55  42:16  Marine  
  57  42:25  Orbital Command  
  57  42:33  Marine  
  57  42:34  Marine  
  59  42:40  Marine  
  60  42:45  Orbital Command  
  60  43:58  Orbital Command  
  60  44:02  Orbital Command  
  60  44:04  SCV  
  60  44:31  Supply Depot  
  60  44:52  Marine x3  
  60  44:54  Supply Depot  
  54  45:05  Orbital Command  
  51  45:10  Marine  
  42  45:14  Marine x2  
  42  45:17  Supply Depot  
  43  45:28  Marine  
  43  45:32  Marine x2  
  43  45:35  Orbital Command  
  46  45:46  Marine  
  47  45:50  Marine x2  
  49  46:04  Orbital Command  
  49  46:20  Marine x3  
  52  46:28  Refinery  
  52  46:38  Orbital Command, Marine x3  
  55  46:46  Orbital Command  
  53  46:56  Marine x3  
  56  47:13  Marine  
  56  47:14  Marine x2  
  59  47:17  SCV  
  60  47:29  SCV  
  61  47:43  Marine x3  
  60  47:45  SCV  
  60  47:47  Supply Depot  
  61  47:57  SCV  
  60  48:01  Marine  
  61  48:09  Barracks  
  42  48:52  Marine  
  42  48:53  Marine x2  
  45  49:03  Medivac  
  45  49:05  Marine  
  48  49:10  Marine x2  
  48  49:11  Marine  
  51  49:23  Marine  
  52  49:28  Marine x2  
  52  49:34  SCV  
  53  49:44  Orbital Command  
  50  50:38  Marine x4  
  54  50:55  Marine x2  
  56  51:05  Orbital Command  
  56  51:07  Marine x2  
  56  51:08  Medivac  
  60  51:13  Marine x2  
  62  52:23  Orbital Command  
Tags
 
Add a new tag
Caveats
  • Supply blocks, unpowered buildings, or Contaminate may cause inaccurate times.
  • Supply counts are checked every 10 seconds.